 Dungeon Crawl Stone Soup version 0.19.5 (webtiles) character file.

151 Wander the Skirmisher (level 5, -7/56 HPs)
             Began as an Ogre Monk on Mar 29, 2017.
             Was a Priest of Hepliaklqana.
             Mangled by Sigmund
             ... wielding a +0 scythe
              (14 damage)
             ... on level 3 of the Dungeon.
             The game lasted 00:05:06 (1857 turns).

Wander the Skirmisher (Ogre Monk)                   Turns: 1857, Time: 00:05:06

Health: -7/56      AC:  3    Str: 14 (16) XL:     5   Next: 33%
Magic:  5/5        EV: 10    Int:  9      God:    Hepliaklqana [***...]
Gold:   107        SH:  0    Dex: 13      Spells: 0 memorised, 4 levels left

rFire  . . .     SeeInvis .       - Unarmed
rCold  . . .     Gourm    .     a - +0 robe
rNeg   . . .     Faith    .     (no shield)
rPois  .         Spirit   .     (helmet restricted)
rElec  .         Reflect  .     (no cloak)
rCorr  .         Harm     .     (gloves unavailable)
MR     .....                    (boots unavailable)
Stlth  +.........               l - amulet of regeneration
                                (no ring)
                                f - ring of loudness (curse)

@: very slightly contaminated, hasted, very quick
A: unfitting armour, reduced essence, tough skin 1
a: Recall Ancestor, Ancestor Identity, Transference, Renounce Religion


You were on level 3 of the Dungeon.
You worshipped Hepliaklqana.
Hepliaklqana was most pleased with you.
You were not hungry.

You visited 1 branch of the dungeon, and saw 3 of its levels.

You collected 107 gold pieces.

Inventory:

Armour
 a - a +0 robe (worn)
Jewellery
 f - a cursed ring of loudness (left hand)
 l - an amulet of regeneration (around neck)
Scrolls
 d - a scroll of fog {unknown}
 e - a scroll of enchant armour {unknown}
 g - a scroll of recharging {unknown}
 j - a scroll of fear {unknown}
 k - a scroll of identify {unknown}
 m - a scroll of magic mapping {unknown}
 o - a scroll of amnesia {unknown}
Potions
 c - a potion of degeneration
Comestibles
 b - 2 bread rations
 n - 2 chunks of flesh


   Skills:
 + Level 7.7 Fighting
 - Level 2.6 Dodging
 - Level 1.4 Stealth
 - Level 2.6 Unarmed Combat


You had 4 spell levels left.
You didn't know any spells.

Dungeon Overview and Level Annotations

Branches:
Dungeon (3/15)

Altars:
Ashenzari
Hepliaklqana
Uskayaw

Annotations:
D:3 Sigmund


Innate Abilities, Weirdness & Mutations

You are too large for most types of armour.
You have tough skin. (AC +1)
Your life essence is reduced. (-10% HP)


Message History

You hit Sigmund but do no damage.
Sigmund is severely wounded.
Sigmund asks, "Do you like me?" Sigmund hits you with a scythe!
You barely miss Sigmund.
Sigmund is severely wounded.
You hit Sigmund.
Sigmund is almost dead.
Sigmund points at you and mumbles some strange words.
The puff of flame hits you!
* * * LOW HITPOINT WARNING * * *
You hit Sigmund.
Sigmund is almost dead.
Sigmund hits you with a scythe!
* * * LOW HITPOINT WARNING * * *
You closely miss Sigmund.
Sigmund is almost dead.
You swap places.
Sigmund hits you from afar with a scythe!
You die...

###.## #.# #.# #.##
#(.# ##.# ####.#######
#..........###########.
#.........."..@R@J.....
#..........##########.#
############


You could see the friendly Keminub the battlemage, Sigmund and an ooze.

Vanquished Creatures
  Ijyb (D:2)
  2 adders
  An ooze (D:1)
  A dart slug (D:2)
  A leopard gecko (D:2)
  3 giant cockroaches
  5 goblins
  5 hobgoblins
  3 kobolds
  A quokka (D:3)
  A ball python (D:2)
  3 bats
  4 frilled lizards
  5 rats
36 creatures vanquished.

Vanquished Creatures (collateral kills)
  3 gnolls (D:2)
  An adder (D:2)
  2 oozes (D:2)
  2 worms (D:2)
  2 bats
  A giant cockroach (D:2)
  A goblin (D:2)
  A quokka (D:2)
  A ball python (D:2)
  A frilled lizard (D:2)
15 creatures vanquished.

Grand Total: 51 creatures vanquished

Notes
Turn   | Place    | Note
-------+----------+-------------------------------------------
     0 | D:1      | Wander the Ogre Monk began the quest for the Orb.
     0 | D:1      | Reached XP level 1. HP: 24/24 MP: 1/1
   148 | D:1      | Reached XP level 2. HP: 29/33 MP: 2/2
   283 | D:1      | Reached skill level 5 in Fighting
   764 | D:1      | Reached XP level 3. HP: 37/42 MP: 3/3
   842 | D:2      | Found a faded altar of an unknown god.
   867 | D:2      | Became a worshipper of Hepliaklqana the Forgotten
   867 | D:2      | Reached * piety under Hepliaklqana
   867 | D:2      | Reached ** piety under Hepliaklqana
   868 | D:2      | Remembered your ancestor Keminub as a battlemage
   956 | D:2      | Reached skill level 6 in Fighting
   968 | D:2      | Reached XP level 4. HP: 32/46 MP: 4/4
  1049 | D:2      | Noticed Ijyb
  1097 | D:2      | Killed Ijyb
  1335 | D:2      | Reached *** piety under Hepliaklqana
  1560 | D:2      | Reached skill level 7 in Fighting
  1677 | D:2      | Reached XP level 5. HP: 30/55 MP: 5/5
  1808 | D:3      | Found a hide-covered altar of Uskayaw.
  1808 | D:3      | Found a shattered altar of Ashenzari.
  1837 | D:3      | Noticed Sigmund
  1857 | D:3      | Mangled by Sigmund

Skill      XL: |  1  2  3  4 |
---------------+-------------+-----
Fighting       | 5 6 7 |  7.7
Dodging        | |  2.6
Stealth        | |  1.4
Unarmed Combat | |  2.6

Action                   |  1- 3 |  4- 6 || total
-------------------------+-------+-------++-------
Melee: Unarmed           |   107 |    92 ||   199
       Punch             |       |     1 ||     1
Invok: Ancestor Life: Ba |     1 |       ||     1
       Ancestor Identity |     1 |       ||     1
  Use: Potion            |     2 |     2 ||     4
 Stab: Sleeping          |     4 |       ||     4
       Distracted        |     1 |       ||     1
  Eat: Chunk             |       |     3 ||     3
Armor: Robe              |    41 |    17 ||    58
Dodge: Dodged            |    44 |    51 ||    95
